cohdb
Replays
Latest Replays
All Replays
Popular Replays
Top Player Replays
Match Explorer
How It Works
Community
CoH3 Stats
Reddit
Sign in to upload your games and track your stats! →
Sign in with Steam
Match 41922662
Unlisted
Match 41922662
Overview
Messages
Build Orders
End
Panzergrenadier Squad
Selects Battlefield Espionage Battlegroup
250 Light Carrier
Panzergrenadier Squad
Panzergrenadier Squad
Construct Light Support Kompanie
MG34 Team
Selects Intel Disruption Beacon
Fire Support Elements
le.IG 18 Mechanized Group
Selects 250/3 Funkpanzerwagen
Combat Half-tracks
Flakvierling Half-track
Panzergrenadier Squad
Selects Plunder
2.5-tonne Medical Truck
Pak 38 Mechanized Group
Selects Firestorm
馬格南警官
Demon From Ga
Null
Toucan Empire
0
0
Comments
sign in to comment!
No comments posted yet!